 Dungeon Crawl Stone Soup version 0.21.0-24-g2553a33 (webtiles) character file.

3705 Grimoiregrey the Cleaver (level 9, -6/81 HPs)
             Began as a Minotaur Fighter on Jan 20, 2018.
             Was an Elder of Okawaru.
             Killed from afar by an electric eel (8 damage)
             ... with a bolt of electricity
             ... on level 7 of the Dungeon.
             The game lasted 01:11:17 (6375 turns).

Grimoiregrey the Cleaver (Minotaur Fighter)         Turns: 6375, Time: 01:11:20

Health: -6/81      AC:  9    Str: 22    XL:     9   Next: 91%
Magic:  8/8        EV:  7    Int:  6    God:    Okawaru [****..]
Gold:   391        SH: 10    Dex: 11    Spells: 8/8 levels left

rFire    . . .     SeeInvis .   g - +3 hand axe (flame)
rCold    . . .     Gourm    .   c - +1 shield
rNeg     . . .     Faith    .   b - +0 scale mail
rPois    +         Spirit   .   t - +2 hat
rElec    .         Reflect  .   (no cloak)
rCorr    .         Harm     .   (no gloves)
MR       .....                  (no boots)
Stlth    ..........             v - amulet of regeneration
HPRegen  0.63/turn              C - +5 ring of slaying
MPRegen  0.11/turn              q - ring of poison resistance

@: about to teleport, marked
A: retaliatory headbutt, horns 2
a: Heroism, Renounce Religion


You were on level 7 of the Dungeon.
You worshipped Okawaru.
Okawaru was greatly pleased with you.
You were not hungry.

You visited 2 branches of the dungeon, and saw 10 of its levels.
You also visited: Ossuary.

You collected 391 gold pieces.

Inventory:

Hand Weapons
 a - a +1 flail of holy wrath
 g - a +3 hand axe of flaming (weapon)
 u - a +1 whip of flaming
 w - a +0 war axe
 y - a +0 mace
 B - a +0 morningstar
 D - a +0 hand crossbow
 E - a +2 mace of protection
 K - a +2 battleaxe
 L - a +2 hand axe of chopping
 O - a +4 morningstar
Armour
 b - a +0 scale mail (worn)
 c - a +1 shield (worn)
 t - a +2 hat (worn)
Jewellery
 m - a +4 ring of dexterity
 n - an uncursed ring of magical power
 q - a ring of poison resistance (right hand)
 r - an uncursed ring of protection from fire
 v - an amulet of regeneration (around neck)
 C - a +5 ring of slaying (left hand)
Wands
 J - a wand of random effects (28)
Scrolls
 d - a scroll of immolation
 e - 9 scrolls of identify
 j - 3 scrolls of teleportation
 k - a scroll of amnesia
 A - a scroll of enchant weapon
 G - a scroll of acquirement {unknown}
 M - a scroll of magic mapping
 N - a scroll of remove curse
Potions
 h - 6 potions of curing
 i - a potion of lignification {unknown}
 o - 2 potions of agility {unknown}
 p - a potion of haste {unknown}
 s - 3 potions of degeneration {unknown}
 x - a potion of mutation {unknown}
 z - 2 potions of heal wounds {unknown}
 F - 3 potions of ambrosia {unknown}
 H - 2 potions of cancellation {unknown}
 I - a potion of flight {unknown}
 P - a potion of magic {unknown}
 Q - a potion of might
Books
 l - a book of Misfortune

   Spells                             Type                      Level
   a - Confusing Touch                Hexes                        1
   b - Confuse                        Hexes                        3
   c - Gell's Gravitas                Translocation                3
   d - Petrify                        Transmutation/Earth          4
   e - Metabolic Englaciation         Hexes/Ice                    5
   f - Yara's Violent Unravelling     Hexes/Transmutation          5
Comestibles
 f - 8 rations


   Skills:
 * Level 7.8 Fighting
 + Level 13.6(13.7) Axes
 - Level 2.4(9.3) Maces & Flails
 + Level 7.2 Armour
 - Level 3.6 Shields


You had 8 spell levels left.
You didn't know any spells.

Dungeon Overview and Level Annotations

Branches:
Dungeon (9/15)             Temple (1/1) D:4
   Lair: D:8-11         Orc: D:9-12

Altars:
Ashenzari
Elyvilon
Gozag
Hepliaklqana
Kikubaaqudgha
Okawaru
Sif Muna
Trog
Vehumet
Xom
The Shining One

Shops:
D:4 *   D:5 =   D:7 }   D:8 *


Innate Abilities, Weirdness & Mutations

You reflexively headbutt those who attack you in melee.
You have a pair of horns on your head.


Message History

* * * LOW HITPOINT WARNING * * *
As you read the scroll of teleportation, it crumbles to dust.
You feel strangely unstable.
You feel better.
The electric eel shoots out a bolt of lightning at you!
The bolt of electricity hits you!
* * * LOW HITPOINT WARNING * * *
The electric eel shoots out a bolt of lightning at you!
The bolt of electricity hits the electric eel.
The electric eel completely resists.
The bolt of electricity hits the plant.
The bolt of electricity hits you!
* * * LOW HITPOINT WARNING * * *
You see here a club.
The electric eel shoots out a bolt of lightning at you!
The bolt of electricity hits the plant.
The plant appears unharmed.
The bolt of electricity hits the plant.
The bolt of electricity hits you!
* * * LOW HITPOINT WARNING * * *
The electric eel shoots out a bolt of lightning at you!
The bolt of electricity hits the plant.
The bolt of electricity hits you!
You die...

##....## ##.# #.#####.####
##.##.## ##. #.##.>.....#
#[.###.# ##.## #.##.##.##.# #..#
..# #..#####.##.##.# # #.#...##.#
#.......##.##.##.### #.#####
#.###...## #......(..# #.####
###.....## #[.###..#.# #.##.##
##.......###..#....#.
###.#...####....@....##...(.....
...........'....)<...'........#.#
##.....†####.........###.....#..#
#...#..# ##..P....## #.#....#.#
######.# ##P;♣..#####.###.##. #.#
#≈;P≈♣.# #.......... #.#
#≈≈≈≈♣..##.###.#$### #.#
♣♣≈≈≈≈...#.# .# #.# ≈≈P≈P..|#.# #


You could see 2 electric eels.

Vanquished Creatures
  Grinder (D:6)
  Prince Ribbit (D:8)
  The ghost of Pawles22 the Digger, an amateur GrEE (D:3)
  2 wraiths (Ossuary)
  Edmund (D:5)
  2 ice beasts
  3 sky beasts
  3 ogres
  2 centaurs
  2 big kobolds (D:4)
  Blork the orc (D:5)
  A bullfrog (D:6)
  4 scorpions
  3 killer bees (D:8)
  10 wights
  A crimson imp (D:8)
  A bullfrog zombie (D:5)
  4 hounds
  2 jellies
  A bullfrog skeleton (D:5)
  An iguana (D:5)
  2 orc wizards
  Crazy Yiuf (D:6)
  6 worker ants
  A killer bee zombie (D:6)
  A hound zombie (D:5)
  A hound skeleton (D:4)
  A mummy (D:8)
  A howler monkey skeleton (D:5)
  11 adders
  2 shadow imps
  2 oozes
  An adder skeleton (D:8)
  2 adder zombies (Ossuary)
  4 worms
  A dart slug (D:5)
  7 leopard geckos
  14 orcs
  5 bats
  7 giant cockroaches
  6 goblins
  8 hobgoblins
  8 jackals
  4 quokkas
  2 ball pythons (D:2)
  A ball python skeleton (Ossuary)
  5 frilled lizards
  A hobgoblin skeleton (Ossuary)
  2 hobgoblin zombies (Ossuary)
  16 kobolds
  A kobold zombie (Ossuary)
  2 leopard gecko skeletons
  An orc skeleton (Ossuary)
  2 orc zombies (Ossuary)
  9 rats
  2 fungi (D:6)
187 creatures vanquished.

Notes
Turn   | Place    | Note
-------+----------+-------------------------------------------
     0 | D:1      | Grimoiregrey the Minotaur Fighter began the quest for the Orb.
     0 | D:1      | Reached XP level 1. HP: 19/19 MP: 0/0
   111 | D:1      | Reached skill level 1 in Axes
   194 | D:1      | Reached skill level 2 in Axes
   194 | D:1      | Reached XP level 2. HP: 24/26 MP: 1/1
   352 | D:1      | Reached skill level 3 in Axes
   548 | D:1      | Reached XP level 3. HP: 31/31 MP: 2/2
  1083 | D:2      | Reached skill level 4 in Axes
  1190 | D:2      | Reached XP level 4. HP: 34/39 MP: 3/3
  1564 | D:3      | Found a radiant altar of Vehumet.
  1573 | D:3      | Noticed Pawles22's ghost (amateur GrEE)
  1584 | D:3      | Killed Pawles22's ghost
  1584 | D:3      | Reached skill level 6 in Axes
  1584 | D:3      | Reached XP level 5. HP: 31/45 MP: 4/4
  1672 | D:3      | Reached skill level 7 in Axes
  1690 | D:3      | Found a hazy altar of Hepliaklqana.
  2061 | D:3      | Reached XP level 6. HP: 51/51 MP: 5/5
  2138 | D:4      | Found a staircase to the Ecumenical Temple.
  2217 | Temple   | Entered the Ecumenical Temple
  2254 | Temple   | Became a worshipper of Warmaster Okawaru
  2307 | D:4      | Reached skill level 8 in Axes
  2362 | D:5      | Entered Level 5 of the Dungeon
  2372 | D:4      | Found Kuwkal's General Store.
  2674 | D:4      | Reached * piety under Okawaru
  2674 | D:4      | Reached skill level 9 in Axes
  2674 | D:4      | Reached XP level 7. HP: 23/57 MP: 6/6
  3016 | D:5      | Reached skill level 10 in Axes
  3343 | D:5      | Reached XP level 8. HP: 50/66 MP: 7/7
  3355 | D:5      | Noticed Blork the orc
  3365 | D:5      | Killed Blork the orc
  3365 | D:5      | Reached ** piety under Okawaru
  3381 | D:5      | Reached skill level 11 in Axes
  3478 | D:5      | Noticed Edmund
  3489 | D:5      | Killed Edmund
  3605 | D:5      | Found Hienuot's Jewellery Boutique.
  3767 | D:6      | Noticed Grinder
  3771 | D:6      | Paralysed by Grinder for 4 turns
  3782 | D:6      | Killed Grinder
  3854 | D:6      | Reached skill level 12 in Axes
  3907 | D:6      | Reached skill level 5 in Fighting
  4108 | D:6      | Reached *** piety under Okawaru
  4125 | D:6      | Reached skill level 5 in Armour
  4172 | D:6      | Found a runed door.
  4176 | D:6      | Noticed Crazy Yiuf
  4179 | D:6      | Killed Crazy Yiuf
  4312 | D:6      | Reached XP level 9. HP: 71/74 MP: 8/8
  4467 | D:7      | Found Duduopel's Gadget Boutique.
  4559 | D:8      | Found a flagged portal.
  4560 | D:8      | Noticed Prince Ribbit
  4565 | D:8      | Found a sand-covered staircase.
  4577 | D:8      | Killed Prince Ribbit
  4583 | Ossuary  | Entered an ossuary
  4799 | Ossuary  | Reached skill level 13 in Axes
  4849 | Ossuary  | Reached **** piety under Okawaru
  5045 | D:8      | Found Vaseasemp's General Store.
  5784 | D:7      | Found a white marble altar of Elyvilon.
  6375 | D:7      | HP: 2/81 [electric eel/bolt of electricity (7)]
  6375 | D:7      | Killed from afar by an electric eel

Skill      XL: |  1  2  3  4  5  6  7  8  9 |
---------------+----------------------------+-----
Axes           | 2 3 4 6 7 9 10 12 13 | 13.6
Armour         | 5 7 |  7.2
Fighting       | 5 7 |  7.8
Maces & Flails | |  2.4
Shields        | |  3.6

Action                   |  1- 3 |  4- 6 |  7- 9 || total
-------------------------+-------+-------+-------++-------
Melee: Hand axe          |    70 |    39 |   188 ||   297
       Headbutt          |    16 |    20 |    52 ||    88
       War axe           |       |    62 |       ||    62
       Mace              |       |    17 |    77 ||    94
       Unarmed           |       |       |     2 ||     2
  Use: Scroll            |       |     9 |    11 ||    20
       Potion            |       |       |     4 ||     4
  Eat: Chunk             |     1 |     4 |     6 ||    11
       Ration            |       |       |     2 ||     2
Armor: Scale mail        |    25 |    34 |    73 ||   132
Dodge: Dodged            |    14 |    35 |    44 ||    93
Block: Shield            |    23 |    65 |   106 ||   194
